Map: Pylon LE

Players

Lambo - Winner!

  • Race: Zerg Zerg
  • Spawn Location: 11:00

Gerald

  • Race: Protoss Protoss
  • League: Master
  • Spawn Location: 5:00

VOD

Have the link to the VOD?

Description

Time

  • Played on: June 20, 2025, 3:35 a.m.
  • Length: 4:48
Show
View Real Time Build Order
Export as new Build Order

Lambo Zerg - Winner!

Build Orders: Hatch First 

Get SALT Encoding   

  12  0:00  Drone  
  13  0:08  Drone  
  14  0:14  Extractor  
  14  0:15  Drone  
  15  0:34  Hatchery  
  14  0:40  Drone, Extractor  
  15  0:46  Overlord  
  15  1:05  Drone x3  
  18  1:12  Spawning Pool  
  18  1:16  Drone  
  18  1:20  Extractor  
  17  1:26  Drone  
  18  1:37  Drone  
  19  1:46  Drone  
  20  1:48  Drone  
  21  1:57  Drone  
  21  1:59  Queen x2  
  26  2:01  Overlord  
  26  2:09  Zergling x2  
  26  2:10  Drone  
  26  2:20  Drone x2  
  26  2:21  Metabolic Boost  
  26  2:30  Drone x2  
  26  2:35  Queen  
  26  2:44  Hatchery  
  26  2:49  Overlord  
  26  2:52  Drone  
  26  2:53  Drone  
  26  2:57  Overlord  
  26  3:04  Drone  
  26  3:09  Drone x3  
  26  3:11  Drone x3  
  26  3:15  Drone  
  26  3:17  Drone  
  26  3:23  Queen  
  26  3:26  Spore Crawler  
  26  3:29  Queen  
  26  3:34  Spore Crawler  
  26  3:36  Overlord  
  26  3:40  Drone x2  
  26  3:42  Drone x2  
  26  3:44  Drone  
  26  3:47  Overlord  
  26  3:55  Drone x5  
  26  3:59  Zergling x4  
  26  4:06  Overlord  
  26  4:07  Drone  
  26  4:09  Drone  
  26  4:10  Zergling x4  
  26  4:11  Zergling x2  
  26  4:14  Drone  
  26  4:19  Overlord  
  26  4:20  Drone x3  
  26  4:23  Drone  
  26  4:29  Extractor  
  26  4:31  Roach Warren  
  26  4:32  Drone x2  
  26  4:35  Extractor  
  26  4:36  Drone  
Show
View Real Time Build Order
Export as new Build Order

Gerald Protoss 

Build Orders: 1 Gate Expand 

Get SALT Encoding   

  12  0:00  Probe  
  13  0:12  Probe  
  14  0:23  Pylon  
  14  0:24  Probe  
  15  0:37  Probe  
  15  0:42  Gateway  
  16  0:45  Probe  
  17  0:50  Assimilator  
  17  0:56  Probe  
  18  1:08  Probe  
  19  1:20  Probe  
  20  1:26  Nexus  
  20  1:32  Probe  
  21  1:36  Cybernetics Core  
  21  1:41  Assimilator  
  21  1:44  Probe  
  22  1:49  Pylon  
  22  1:56  Probe  
Tags
 
Add a new tag
Caveats
  • Supply blocks, unpowered buildings, or Contaminate may cause inaccurate times.
  • Supply counts are checked every 10 seconds.